AoeStats
← Arrowhead

Fortress

508790802Analyzed
4v4 RM · 7d ago on Sep 24, 2026· 59m 11s· 8 players
Game mode
Random Map
Map size
Huge
Population
200
Speed
Normal
Resources
Standard
Victory
Conquest
Starting age
Dark Age
Ending age
Imperial Age
RankedLock teamsTeams togetherTeam positionsShared explorationLock speedFull tech treeHidden civsTurbo modeCheats
Victory
Defeat
🇵🇪 Mongols · Peru
1316
+14
🇵🇪 Bohemians · Peru
1303
+15
🇵🇪 Muisca · Peru
1300
+15
🇵🇪 Spanish · Peru
1014
+26
🇺🇸 Saxons · United States
1295
-19
🇺🇸 Jurchens · United States
1288
-18
🇺🇸 Danes · United States
1286
-18
🇺🇸 Turks · United States
1194
-15
Marlok
7:57 Feudal Age
11:58 Castle Age
10:50 Double-Bit Axe
10:47 Horse Collar
11:25 Padded Archer Armor
11:36 Gold Mining
13:00 Bow Saw
16:13 Fletching
16:27 Heavy Plow
16:53 Bodkin Arrow
17:37 Gold Shaft Mining
24:09 Imperial Age
23:03 Loom
22:45 Crossbowman
24:45 Leather Archer Armor
24:59 Thumb Ring
26:31 Wheelbarrow
26:31 Crop Rotation
26:23 Bracer
27:50 Ballistics
28:31 Chemistry
28:09 Arbalester
31:14 Capped Ram
33:40 Hand Cart
36:10 Two-Man Saw
35:13 Stone Mining
36:25 Champi Runner
37:07 Scale Mail Armor
37:18 Forging
36:50 Elite Skirmisher
38:23 Champi Warrior
39:21 Chain Mail Armor
39:41 Iron Casting
40:31 Town Watch
40:23 Elite Champi Warrior
41:04 Squires
40:25 Pikeman
42:20 Coinage
43:01 Stone Shaft Mining
44:56 Plate Mail Armor
44:05 Heavy Scorpion
46:42 Siege Engineers
48:14 Herbalism
48:36 Conscription
48:52 Hoardings
48:23 Huaracas
50:53 Banking
52:01 Masonry
58:00 Murder Holes
57:56 Guard Tower
57:48 Treadmill Crane
LORD PETER
7:02 Loom
10:00 Feudal Age
14:47 Castle Age
13:02 Horse Collar
13:10 Double-Bit Axe
13:25 Gold Mining
23:24 Ballistics
31:31 Bow Saw
35:49 Imperial Age
33:34 Town Watch
37:55 Forging
37:37 Fletching
37:48 Scale Mail Armor
38:39 Wheelbarrow
38:29 Bloodlines
37:40 Cavalier
38:20 Husbandry
40:38 Scale Barding Armor
41:39 Iron Casting
41:59 Chain Mail Armor
43:47 Blast Furnace
43:08 Chain Barding Armor
47:28 Chemistry
52:00 Hand Cart
52:38 Plate Barding Armor
52:33 Plate Mail Armor
52:08 Heavy Plow
52:19 Light Cavalry
56:22 Hussar
Chaynis
8:47 Feudal Age
9:14 Horse Collar
13:22 Castle Age
11:27 Double-Bit Axe
13:00 Wheelbarrow
14:19 Heavy Plow
15:22 Fervor
16:34 Chemistry
25:31 Padded Archer Armor
25:41 Forging
25:38 Scale Mail Armor
28:48 Imperial Age
26:37 Hand Cart
27:09 Forging
27:29 Loom
28:52 Iron Casting
28:32 Chain Mail Armor
28:08 Fletching
28:36 Leather Archer Armor
28:45 Bow Saw
28:30 Pikeman
29:11 Squires
31:02 Plate Mail Armor
32:10 Halberdier
34:24 Siege Engineers
34:40 Ballistics
37:57 Blast Furnace
37:28 Ring Archer Armor
39:40 Fortified Wall
42:44 Houfnice
47:54 Fletching
51:26 Bodkin Arrow
55:56 Conscription
55:00 Man-at-Arms
55:26 Arson
55:18 Capped Ram
55:55 Long Swordsman
58:28 Wagenburg Tactics
58:11 Two-Handed Swordsman
59:00 Scale Barding Armor
58:55 Bracer
58:54 Champion
chr0rk
8:30 Feudal Age
10:05 Double-Bit Axe
10:00 Horse Collar
12:55 Castle Age
13:21 Loom
14:12 Bow Saw
14:04 Heavy Plow
15:15 Fletching
17:18 Bodkin Arrow
20:11 Ballistics
20:31 Husbandry
21:15 Bloodlines
21:40 Padded Archer Armor
23:33 Wheelbarrow
24:47 Stone Mining
24:47 Gold Mining
28:44 Imperial Age
29:27 Bracer
30:28 Chemistry
29:06 Elite Mangudai
30:16 Thumb Ring
30:26 Capped Ram
31:34 Siege Ram
34:01 Conscription
34:09 Leather Archer Armor
34:59 Drill
34:34 Town Watch
35:05 Hand Cart
37:34 Hoardings
43:24 Murder Holes
46:03 Coinage
45:34 Caravan
47:53 Scale Barding Armor
47:59 Forging
47:25 Light Cavalry
50:22 Chain Barding Armor
50:38 Iron Casting
49:55 Hussar
51:59 Banking
Arrowhead
7:11 Feudal Age
11:17 Castle Age
9:11 Horse Collar
9:29 Double-Bit Axe
10:12 Horse Collar
12:23 Bow Saw
17:46 Scale Barding Armor
18:33 Wheelbarrow
19:25 Gold Mining
21:10 Chain Barding Armor
21:00 Forging
21:48 Hand Cart
22:40 Bloodlines
22:31 Husbandry
23:41 Iron Casting
22:58 Fletching
29:41 Imperial Age
26:57 Loom
31:03 Plate Barding Armor
30:53 Conscription
30:03 Elite Iron Pagoda
41:33 Light Cavalry
43:51 Coinage
44:39 Chemistry
47:16 Blast Furnace
46:06 Fletching
46:31 Masonry
49:11 Hussar
50:15 Thunderclap Bombs
55:10 Caravan
hawkeyejnm
7:15 Feudal Age
7:45 Feudal Age
7:56 Feudal Age
12:03 Castle Age
9:51 Double-Bit Axe
10:15 Horse Collar
10:54 Gold Mining
13:09 Bow Saw
13:05 Scale Mail Armor
15:04 Chain Mail Armor
15:13 Loom
16:14 Squires
17:22 Wheelbarrow
17:19 Forging
24:51 Padded Archer Armor
24:54 Fletching
27:11 Town Watch
27:35 Bodkin Arrow
27:23 Elite Skirmisher
28:54 Leather Archer Armor
30:30 Ballistics
35:21 Iron Casting
37:31 Thumb Ring
37:48 Heavy Plow
40:41 Imperial Age
40:54 Masonry
41:24 Shield Wall
42:25 Conscription
42:41 Hoardings
42:42 Ring Archer Armor
42:12 Bracer
43:17 Chemistry
42:47 Architecture
41:43 Capped Ram
43:11 Siege Ram
45:09 Elite Hearth Troop
46:33 Murder Holes
47:42 Plate Mail Armor
48:02 Fortified Wall
47:59 Siege Engineers
50:02 Coinage
59:08 Treadmill Crane
andruwu
6:46 Feudal Age
10:46 Castle Age
9:17 Double-Bit Axe
9:47 Loom
12:26 Horse Collar
17:23 Bow Saw
19:07 Wheelbarrow
19:58 Gold Mining
20:14 Heavy Plow
20:10 Town Watch
24:26 Imperial Age
21:33 Man-at-Arms
22:02 Gambesons
22:22 Squires
22:10 Arson
22:27 Scale Mail Armor
22:15 Long Swordsman
23:09 Forging
23:00 Pikeman
23:58 Chain Mail Armor
25:24 Iron Casting
24:59 Elite Varangian Guard
26:19 Hamask
27:41 Plate Mail Armor
28:33 Conscription
29:46 Blast Furnace
28:39 Fletching
33:10 Bodkin Arrow
38:50 Padded Archer Armor
38:51 Bracer
39:13 Elite Skirmisher
39:59 Thumb Ring
41:13 Leather Archer Armor
42:03 Ballistics
42:44 Chemistry
43:29 Ring Archer Armor
43:46 Two-Handed Swordsman
44:11 Two-Handed Swordsman
46:00 Champion
46:26 Capped Ram
48:40 Halberdier
52:58 Caravan
52:55 Siege Ram
56:24 Masonry
FunkierHarp
6:48 Feudal Age
11:53 Castle Age
10:31 Double-Bit Axe
10:46 Horse Collar
11:15 Gold Mining
13:23 Bow Saw
13:49 Heavy Plow
17:50 Loom
18:39 Padded Archer Armor
19:42 Wheelbarrow
21:38 Hand Cart
23:02 Gold Shaft Mining
27:50 Imperial Age
26:29 Stone Mining
27:15 Leather Archer Armor
26:51 Fletching
27:13 Forging
28:39 Ballistics
28:15 Guard Tower
28:23 Guard Tower
28:56 Bombard Tower
29:46 Elite Janissary
30:47 Conscription
30:30 Artillery
31:27 Bodkin Arrow
32:03 Ring Archer Armor
36:55 Town Watch
43:29 Town Patrol
57:29 Scale Barding Armor
57:35 Forging
58:44 Husbandry
59:15 Bloodlines
Connection lost

Rejoining the realm…

Still unreachable

The connection could not be restored.

Session expired

The server has moved on; the page needs a fresh start.